 Dungeon Crawl Stone Soup version 0.31-a0-233-g139696dc86 (webtiles) character file.

Game seed: 3589227686770273608

447 qw the Shooter (level 6, -1/52 HPs)
             Began as a Minotaur Hexslinger on July 9, 2023.
             Slain by a gnoll
             ... wielding a +0 halberd
             ... summoned by a kobold brigand
              (9 damage)
             ... on level 4 of the Dungeon.
             The game lasted 00:01:08 (3036 turns).

qw the Shooter (Minotaur Hexslinger)                Turns: 3036, Time: 00:01:09

Health: -1/52      AC:  8    Str: 13    XL:     6   Next: 73%
Magic:  6/6        EV: 11    Int: 10    God:
Gold:   191        SH:  0    Dex: 14    Spells: 6/7 levels left

rFire   + . .        b - +1 sling (heavy)
rCold   . . .        (no shield)
rNeg    . . .        m - +2 ring mail {rF+}
rPois   .            (helmet restricted)
rElec   .            l - +0 cloak
rCorr   .            (no gloves)
SInv    .            (no boots)
Will    .....        (no amulet)
Stlth   +            (no ring)
HPRegen 0.28/turn    (no ring)
MPRegen 0.10/turn

%: no passive effects
@: no status effects
A: horns 2, retaliatory headbutt
a: no special abilities


You were on level 4 of the Dungeon.
You visited 1 branch of the dungeon, and saw 4 of its levels.

You collected 191 gold pieces.


Innate Abilities, Weirdness & Mutations

You have a pair of horns on your head.
You reflexively headbutt those who attack you in melee.


   Skills:
 - Level 4.0 Fighting
 + Level 6.9 Ranged Weapons
 - Level 1.4 Armour
 - Level 2.1 Dodging
 - Level 1.0 Spellcasting
 - Level 2.0 Hexes


You had 6 spell levels left.
You knew the following spells:

 Your Spells              Type           Power      Damage    Failure   Level
a - Slow                  Hex            16%        N/A       32%         1

Your spell library contained the following spells:

 Spells                   Type           Power      Damage    Failure   Level
 Inner Flame              Hex/Fire       2%         N/A       82%         3
 Portal Projectile        Hex/Tloc       4%         N/A       82%         3
 Cause Fear               Hex            2%         N/A       97%         4

Inventory:

Hand Weapons
 b - a +1 heavy sling (weapon)
Armour
 l - a +0 cloak (worn)
 m - a +2 ring mail of fire resistance (worn)
Jewellery
 a - a ring of ice
 h - a +4 ring of protection
Scrolls
 Y - a scroll of identify
Potions
 c - a potion of mutation
 d - a potion of invisibility {unknown}
 e - 2 potions of cancellation {unknown}
 f - a potion of might
 g - a potion of attraction {unknown}
 i - 2 potions of enlightenment
 k - a potion of curing

Dungeon Overview and Level Annotations

Branches:
Dungeon (4/15)
 Temple: D:4-7

Altars:
Elyvilon
Makhleb

Shops:
D:1 *


Message History

The kobold brigand barely misses you. You furiously retaliate!
You headbutt the kobold brigand!
The gnoll hits you from afar with a +0 spear.
The gnoll barely misses you.
You shoot a sling bullet.
The sling bullet hits the kobold brigand but does no damage.
The kobold brigand is severely wounded.
The kobold brigand closely misses you.
The gnoll hits you from afar with a +0 halberd.
The black bear barely misses you.
The black bear claws you but does no damage.
The black bear completely misses you. The gnoll hits you but does no damage.
The kobold brigand barely misses you. The gnoll closely misses you.
The gnoll hits you from afar with a +0 halberd.
The adder bites you but does no damage. The gnoll hits you with a +0 flail.
The black bear bites you.
The black bear claws you but does no damage. x2
You shoot a sling bullet.
The sling bullet closely misses the kobold brigand.
The sling bullet barely misses the gnoll.
The adder bites you but does no damage.
The kobold brigand hits you but does no damage.
The gnoll hits you from afar with a +0 halberd!
The gnoll hits you with a +0 flail.
The black bear bites you but does no damage.
The black bear closely misses you. The black bear misses you.
The gnoll barely misses you. The adder closely misses you.
The kobold brigand hits you but does no damage.
You shoot a sling bullet.
The sling bullet closely misses the kobold brigand.
The sling bullet completely misses the gnoll.
The gnoll hits you from afar with a +0 halberd.
The gnoll barely misses you. The gnoll hits you but does no damage.
The black bear bites you. The black bear misses you.
The black bear claws you but does no damage.
The adder bites you but does no damage.
The kobold brigand hits you with a +0 club.
The adder bites you but does no damage.
The gnoll hits you from afar with a +0 halberd!
You die...

............#..######..##........
..............(.......(..........
.................................
~~~..~.~.~~.~.~.....~...~~~~~..~.
~~~~~~~~~~~~~~~....~~~~~~~~~~~~~~
~~~~~~~~~~~~~~~.....~~~~~~~~~~~~~
~~~~~~~~~~~~~~~.....~~~~~~~~~~~~~
################'l###############
#.@g.# #ShK.# #.g.g# ......#
'......'. .#......#..
####....##### #....#


You could see a black bear (summoned), a kobold brigand, an iguana (summoned), 3
gnolls and an adder (summoned).

Vanquished Creatures
  A howler monkey (D:4)
  A hound (D:4)
  2 jellies (D:4)
  An orc priest (D:3)
  Jessica (D:2)
  Terence (D:3)
  Robin (D:2)
  7 gnolls (D:3)
  6 adders
  A worm (D:3)
  2 dart slugs
  5 orcs (D:3)
  4 endoplasms
  13 hobgoblins
  4 jackals (D:1)
  2 quokkas
  7 ball pythons
  5 bats
  6 frilled lizards
  15 goblins
  14 kobolds
  A rat (D:3)
100 creatures vanquished.

Notes
Turn   | Place    | Note
-------+----------+-------------------------------------------
     0 | D:1      | qw the Minotaur Hexslinger began the quest for the Orb.
     0 | D:1      | Reached XP level 1. HP: 16/16 MP: 1/1
     0 | D:1      | 0 ||| qw: Version: 0.3-a-51-g015441d
     0 | D:1      | 0 ||| qw: Game counter: 3791
     0 | D:1      | 0 ||| qw: Melee chars always use a shield: true
     0 | D:1      | 0 ||| qw: God list: Okawaru
     0 | D:1      | 0 ||| qw: Allow faded altars: false
     0 | D:1      | 0 ||| qw: Do Orc after clearing Dungeon:15 true
     0 | D:1      | 0 ||| qw: Do second Lair branch before Depths: true
     0 | D:1      | 0 ||| qw: Lair rune preference: random
     0 | D:1      | 0 ||| qw: Goals: Normal
     0 | D:1      | 0 ||| PLANNING D:1-11
    65 | D:1      | HP: 4/16 [constriction (1)]
    71 | D:1      | Reached skill level 3 in Ranged Weapons
    71 | D:1      | Reached XP level 2. HP: 5/23 MP: 2/2
   179 | D:1      | Found Acinie's General Store.
   188 | D:1      | 188 ||| SHOPLISTING potion of mutation (112 gold, have 40).
   669 | D:1      | Found a faded altar of an unknown god.
   738 | D:1      | 738 ||| UPGRADING to +0 leather armour.
   748 | D:1      | 748 ||| DROPPING +0 robe.
   749 | D:1      | 749 ||| UPGRADING to +0 cloak.
   754 | D:1      | 754 ||| UPGRADING to +2 ring mail of fire resistance.
   764 | D:1      | 764 ||| DROPPING +0 leather armour.
   765 | D:1      | 765 ||| READING 2 scrolls labelled ESE UVVEOMINI.
   766 | D:1      | 766 ||| READING scroll of brand weapon.
   766 | D:1      | 766 ||| BRANDING +1 sling of freezing.
   767 | D:1      | 767 ||| READING scroll labelled WAXA KIATRANUA.
   768 | D:1      | 768 ||| READING scroll labelled ERIOXO WOER.
   769 | D:1      | 769 ||| READING scroll labelled BEZOSA JAKAPN.
   770 | D:1      | 770 ||| READING scroll labelled YKAOWNILAEG.
   771 | D:1      | 771 ||| DRINKING 2 fuming clear potions.
   772 | D:1      | 772 ||| DROPPING scroll of poison.
   837 | D:2      | Reached XP level 3. HP: 29/29 MP: 3/3
   926 | D:2      | Reached skill level 4 in Ranged Weapons
   977 | D:2      | Noticed Robin
   985 | D:2      | Killed Robin
   986 | D:2      | Reached skill level 1 in Armour
   988 | D:2      | Reached XP level 4. HP: 33/36 MP: 4/4
  1074 | D:2      | Noticed Jessica
  1081 | D:2      | Killed Jessica
  1192 | D:2      | Found a white marble altar of Elyvilon.
  1430 | D:2      | 1430 ||| READING 3 scrolls of brand weapon.
  1430 | D:2      | 1430 ||| BRANDING +1 sling of draining.
  1431 | D:2      | 1431 ||| READING 2 scrolls of brand weapon.
  1431 | D:2      | 1431 ||| BRANDING +1 sling of freezing.
  1432 | D:2      | 1432 ||| READING scroll of brand weapon.
  1432 | D:2      | 1432 ||| BRANDING +1 sling of draining.
  1441 | D:2      | Reached skill level 5 in Ranged Weapons
  1587 | D:2      | 1587 ||| READING scroll labelled ZIAXOCEBET.
  1591 | D:2      | 1591 ||| READING scroll labelled EMARAE ZARIO.
  1592 | D:2      | 1592 ||| READING scroll labelled POITIE YNLAM.
  1832 | D:3      | Reached skill level 3 in Fighting
  1832 | D:3      | Reached XP level 5. HP: 33/45 MP: 5/5
  2174 | D:3      | Noticed Terence
  2180 | D:3      | Killed Terence
  2364 | D:3      | Reached skill level 6 in Ranged Weapons
  2372 | D:3      | Reached XP level 6. HP: 51/51 MP: 6/6
  2426 | D:3      | Found a burning altar of Makhleb.
  2622 | D:3      | 2622 ||| READING scroll labelled UHAEPLASYGH.
  2623 | D:3      | 2623 ||| READING 3 scrolls labelled YBAWAL GEIXKO.
  2624 | D:3      | 2624 ||| DRINKING 2 brown potions.
  2625 | D:3      | 2625 ||| DRINKING 2 pink potions.
  2626 | D:3      | 2626 ||| READING 2 scrolls of identify.
  2626 | D:3      | 2626 ||| IDENTIFYING lumpy dark potion
  2627 | D:3      | 2627 ||| DROPPING potion of brilliance.
  3036 | D:4      | HP: 8/52 [kobold brigand/+0 club (6)]
  3036 | D:4      | Slain by a gnoll

Levels and vault maps discovered:
D:1:      lightli_arrival_statuegarden, layout_basic, serial_shops,
          nicolae_square_shop, ebering_ecumenical_altar_webs, grunt_decor_cap,
          minmay_tripent
D:2:      layout_loops_cross, basic_altar, uniq_jessica, uniq_robin
D:3:      corexii_shack_village, layout_loops_cross, lightli_temple_of_fire,
          kennysheep_cluttered_room, uniq_terence
D:4:      minmay_goblin_kobold_castle, layout_rooms, hangedman_decor_push

Skill      XL: |  1  2  3  4  5  6 |
---------------+-------------------+-----
Ranged Weapons | 3 4 5 6 |  6.9
Fighting       | 2 3 4 |  4.0
Armour         | 1 |  1.4
Dodging        | |  2.1
Spellcasting   | |  1.0
Hexes          | |  2.0

Action                     |  1- 3 |  4- 6 || total
---------------------------+-------+-------++-------
   Fire: Sling             |    76 |   165 ||   241
    Use: Scroll            |     6 |     9 ||    15
         Potion            |     1 |     2 ||     3
 Armour: Robe              |     6 |       ||     6
         Ring mail         |    16 |    54 ||    70
  Dodge: Dodged            |    46 |    77 ||   123

Table legend:
 A = Non-vault XP
 B = Vault XP
 C = Vault XP percentage of total XP
 D = Non-vault monster count
 E = Vault monster count
 F = Vault count percentage of total count
                 A         B        C        D         E       F
            +---------+---------+-------+---------+---------+-------
      Total |     507 |     132 |  20.7 |      72 |      28 |  28.0
            +---------+---------+-------+---------+---------+-------
        D:1 |      22 |       2 |   8.3 |      12 |       2 |  14.3
        D:2 |      77 |      66 |  46.2 |      19 |      10 |  34.5
        D:3 |     213 |      56 |  20.8 |      31 |      11 |  26.2
        D:4 |     195 |       8 |   3.9 |      10 |       5 |  33.3
            +---------+---------+-------+---------+---------+-------
